 Dungeon Crawl Stone Soup version 0.30-a0-672-gc3a7216ad8 (webtiles) character file.

Game seed: 1188569142371473148

68 Dittersdorf the Trooper (level 4, 0/29 HPs)
             Began as a Gargoyle Fighter on Jan 18, 2023.
             Slain by Grinder (7 damage)
             ... on level 3 of the Dungeon.
             The game lasted 00:02:09 (1812 turns).

Dittersdorf the Trooper (Gargoyle Fighter)          Turns: 1812, Time: 00:02:10

Health: 0/29       AC: 14    Str: 22    XL:     4   Next: 19%
Magic:  4/4        EV:  9    Int:  8    God:
Gold:   105        SH:  4    Dex:  9    Spells: 3/3 levels left

rFire   . . .      SeeInvis .    a - +0 flail
rCold   . . .      Faith    .    c - +0 buckler
rNeg    + . .      Spirit   .    b - +0 scale mail
rPois   ∞          Reflect  .    f - +1 helmet
rElec   +          Harm     .    j - +0 cloak
rCorr   .          Rampage  .    (no gloves)
Will    .....                    (no boots) Stlth
                                 (no amulet)
HPRegen 0.24/turn                (no ring)
MPRegen 0.09/turn                (no ring)

@: mighty
A: sickness immunity, AC +3, negative energy resistance 1, electricity
resistance, torment resistance 1, petrification resistance
a: no special abilities


You were on level 3 of the Dungeon.
You visited 1 branch of the dungeon, and saw 3 of its levels.

You collected 105 gold pieces.

Inventory:

Hand Weapons
 a - a +0 flail (weapon)
Armour
 b - a +0 scale mail (worn)
 c - a +0 buckler (worn)
 f - a +1 helmet (worn)
 j - a +0 cloak (worn)
Scrolls
 i - a scroll of magic mapping {unknown}
 l - a scroll of immolation {unknown}
 m - a scroll of amnesia {unknown}
 n - a scroll of enchant armour {unknown}
Potions
 e - a potion of lignification {unknown}
 g - 2 potions of heal wounds {unknown}
 h - a potion of berserk rage {unknown}
 k - a potion of degeneration {unknown}


   Skills:
 + Level 3.9 Fighting
 + Level 2.8 Maces & Flails
 + Level 3.9 Armour
 + Level 3.9 Shields


You had 3 spell levels left.
You didn't know any spells.
Your spell library contained the following spells:

 Spells                   Type           Power      Damage    Failure   Level
 Animate Dead             Necr           0%         N/A       100%        4
 Haunt                    Necr/Summ      0%         N/A       100%        7
 Infestation              Necr           0%         N/A       100%        8


Dungeon Overview and Level Annotations

Branches:
Dungeon (3/15)

Altars:

Annotations:
D:3 Grinder


Innate Abilities, Weirdness & Mutations

You are immune to sickness and miasma.
Your stone body is resilient. (AC +3)
You are immune to poison.
You resist negative energy. (rN+)
You are resistant to electric shocks. (rElec)
You are resistant to unholy torment.
You are immune to petrification.


Message History

Grinder is heavily wounded.
Grinder barely misses you.
You barely miss Grinder.
Grinder is heavily wounded.
Grinder hits you.
You writhe in agony.
You are too injured to fight recklessly!
You are too injured to fight recklessly!
You are too injured to fight recklessly!
You are too injured to fight recklessly!
You are too injured to fight recklessly!
You are too injured to fight recklessly!
You are too injured to fight recklessly!
You are too injured to fight recklessly!
You are too injured to fight recklessly!
You are too injured to fight recklessly!
You are too injured to fight recklessly!
You are too injured to fight recklessly!
You are too injured to fight recklessly!
You are too injured to fight recklessly!
You are too injured to fight recklessly!
You are too injured to fight recklessly!
You are too injured to fight recklessly!
You are too injured to fight recklessly!
You are too injured to fight recklessly!
You are too injured to fight recklessly!
You hit Grinder.
Grinder is heavily wounded.
Grinder gestures at you. Pain shoots through your body!
You sock Grinder!
Grinder is severely wounded.
You block Grinder's attack.
Grinder drinks a potion.
Grinder is healed!
You hit Grinder but do no damage.
Grinder is moderately wounded.
Grinder gestures at you. Pain shoots through your body!
* * * LOW HITPOINT WARNING * * *
You feel very mighty all of a sudden. Grinder hits you!
You die...

#.#
#...#.#............
#.###
#.).#.#.########+##
#...# #...#.#.#
####.# #...#.#.#
.....# #...#.#.####
..)..# #...#.#..(.#
.....# #...#.####.#
.....# #...#.####.#
.....# #...#.#..@5#
.....# #..(#.#.####
.....# #.....#.
.....# #######.
.#+#.. #. ##.#####
#. ...#<..# #.
######.# ##
.......#


You could see Grinder.

Vanquished Creatures
  Robin (D:1)
  An adder (D:2)
  A dart slug (D:3)
  2 endoplasms
  6 goblins
  12 hobgoblins
  4 kobolds
  4 ball pythons
  4 bats
  6 frilled lizards
  5 rats
46 creatures vanquished.

Notes
Turn   | Place    | Note
-------+----------+-------------------------------------------
     0 | D:1      | Dittersdorf the Gargoyle Fighter began the quest for the
                  | Orb.
     0 | D:1      | Reached XP level 1. HP: 14/14 MP: 1/1
   241 | D:1      | Reached XP level 2. HP: 19/19 MP: 2/2
   635 | D:2      | Reached XP level 3. HP: 20/23 MP: 3/3
   681 | D:2      | Noticed Robin
   859 | D:1      | Killed Robin
  1059 | D:2      | Reached XP level 4. HP: 29/29 MP: 4/4
  1676 | D:3      | Identified the +7 long sword of Linearity {venom, Dex+3}
  1798 | D:3      | Noticed Grinder
  1812 | D:3      | Slain by Grinder

Illustrated notes

Levels and vault maps discovered:
D:1:      sevenhm_arrival_forest_fort_large_4, layout_rooms
D:2:      layout_basic, serial_glass, glass_columns_a, glass_columns_b,
          minmay_strange_pillars, uniq_robin
D:3:      layout_basic, uniq_terence, uniq_grinder

Action                   |  1- 3 |  4- 6 || total
-------------------------+-------+-------++-------
Melee: Flail             |   136 |    32 ||   168
  Use: Potion            |       |     1 ||     1
Armor: Scale mail        |   119 |    20 ||   139
Dodge: Dodged            |    85 |     9 ||    94
Block: Buckler           |    40 |     8 ||    48

Table legend: (Time is in decaauts)
 A = Elapsed time spent in this place.
 B = Non-inter-level travel time spent in this place.
 C = Inter-level travel time spent in this place.
 D = Time resting spent in this place.
 E = Time spent auto-exploring this place.
 F = Levels seen in this place.
 G = Mean time per level.
                   A        B        C        D        E       F      G
               +--------+--------+--------+--------+--------+-----+--------+
         Total |   1867 |   1770 |     97 |     98 |   1237 |   3 |  622.3 |
       Dungeon |   1867 |   1770 |     97 |     98 |   1237 |   3 |  622.3 |
               +--------+--------+--------+--------+--------+-----+--------+

Top non-repeatable levels by time:
     D:1: 784 daAuts
     D:2: 755 daAuts
     D:3: 327 daAuts
